Construct Infanterie Kompanie
Selects Terror Battlegroup
Selects Machine Gun Camouflage
Construct Panzergrenadier Kompanie
Selects Contempt for the Weak
Pak 40 Anti-tank Gun Team
Construct Panzer Kompanie
Pak 40 Anti-tank Gun Team
Selects Propaganda Leaflet Drop
Selects Defend the Fatherland
Pak 40 Anti-tank Gun Team
Panzergrenadier Officer Quarters
Construct Luftwaffe Kompanie
Luftwaffe Officer Quarters
Infanterie Officer Quarters
Selects King Tiger Heavy Tank